 Dungeon Crawl Stone Soup version 0.30-a0-760-g5a9884bb7c (webtiles) character file.

Game seed: 2676655830797287969

12037 Dittersdorf the Protected (level 11, -4/73 HPs)
             Began as a Gargoyle Fighter on Feb 10, 2023.
             Was an Elder of Okawaru.
             Killed from afar by a wretched star (20 damage)
             ... with a lance of force
             ... on level 10 of the Dungeon.
             The game lasted 00:14:13 (8846 turns).

Dittersdorf the Protected (Gargoyle Fighter)        Turns: 8846, Time: 00:14:14

Health: -4/73      AC: 23    Str: 27      XL:     11   Next: 87%
Magic:  11/11      EV:  8    Int:  6 (9)  God:    Okawaru [****..]
Gold:   530        SH:  0    Dex: 15      Spells: 10/10 levels left

rFire   + . .      SeeInvis .    s - +2 flail "Viwaj" {drain, rCorr Str+3 Int+3}
rCold   . . .      Faith    .    c - +0 buckler
rNeg    + . .      Spirit   .    A - +4 chain mail "Vichofub" {Str+5}
rPois   ∞          Reflect  .    B - +2 hat {Stlth+}
rElec   +          Harm     .    (no cloak)
rCorr   +          Rampage  .    o - +0 pair of gloves
Will    .....                    (no boots) Stlth
                                 j - amulet of regeneration
HPRegen 1.12/turn                w - +6 ring of dexterity
MPRegen 0.12/turn                z - ring of protection from fire

@: confused, ambrosia-drunk
A: sickness immunity, AC +8, negative energy resistance 1, electricity
resistance, torment resistance 1, petrification resistance, devolution 1,
[deformed body], [dopey 2], [weak 2]
a: Renounce Religion, Heroism, Finesse


You were on level 10 of the Dungeon.
You worshipped Okawaru.
Okawaru was greatly pleased with you.
You visited 1 branch of the dungeon, and saw 10 of its levels.
You also visited: Bailey.

You collected 530 gold pieces.

Inventory:

Hand Weapons
 s - the +2 flail "Viwaj" (weapon) {drain, rCorr Str+3 Int+3}
   (You found it in a bailey)

   Str:       It affects your strength (+3).
   Int:       It affects your intelligence (+3).
   rCorr:     It protects you from acid and corrosion.
 y - a +4 morningstar of flaming
Missiles
 t - a throwing net
 x - 10 curare-tipped darts (quivered)
Armour
 c - a +0 buckler (worn)
 o - a +0 pair of gloves (worn)
 A - the +4 chain mail "Vichofub" (worn) {Str+5}
   (You found it in a bailey)

   Str:       It affects your strength (+5).
 B - a +2 hat of stealth (worn)
Jewellery
 j - an amulet of regeneration (around neck)
 w - a +6 ring of dexterity (left hand)
 z - a ring of protection from fire (right hand)
Wands
 b - a wand of flame (7)
 u - a wand of paralysis (20)
 v - a wand of iceblast (18)
Scrolls
 a - 3 scrolls of enchant weapon
 f - 3 scrolls of teleportation
 i - a scroll of fog
 n - 2 scrolls of fear
 D - a scroll of poison
Potions
 d - a potion of might
 e - 2 potions of resistance
 g - 11 potions of curing
 h - a potion of berserk rage
 k - 2 potions of magic {unknown}
 m - a potion of brilliance {unknown}
 p - a potion of haste
 q - 4 potions of heal wounds
 r - a potion of flight
 C - a potion of cancellation {unknown}


   Skills:
 + Level 10.8 Fighting
 + Level 9.6 Maces & Flails
 + Level 10.8 Armour
 + Level 10.8 Shields


You had 10 spell levels left.
You didn't know any spells.
Your spell library contained the following spells:

 Spells                   Type           Power      Damage    Failure   Level
 Freeze                   Ice            0%         1d3       95%         1
 Magic Dart               Conj           0%         1d3       95%         1
 Sting                    Tmut/Pois      0%         1d3       95%         1
 Poisonous Vapours        Pois/Air       0%         N/A       99%         2
 Searing Ray              Conj           0%         2d4       99%         2
 Frozen Ramparts          Ice            0%         1d1       100%        3
 Gell's Gravitas          Tloc           0%         N/A       100%        3
 Hailstorm                Conj/Ice       0%         3d3       100%        3
 Inner Flame              Hex/Fire       0%         N/A       100%        3
 Teleport Other           Tloc           0%         N/A       100%        3
 Flame Wave               Conj/Fire      0%         2d4       100%        4
 Fulminant Prism          Conj/Hex       0%         3d5       100%        4
 Olgreb's Toxic Radiance  Pois           0%         N/A       100%        4
 Sticky Flame             Conj/Fire      0%         2d3       100%        4
 Dispersal                Tloc           0%         N/A       100%        6


Dungeon Overview and Level Annotations

Branches:
Dungeon (10/15)            Temple (0/1) D:7            Lair (0/5) D:10
    Orc (0/2) D:10         Bailey (visited)

Altars:
Ashenzari
Dithmenos
Elyvilon
Makhleb
Okawaru
Xom
The Shining One

Shops:
D:5 [   D:6 =

Portals:
Abyss: D:10

Annotations:
D:10 1 transporter


Innate Abilities, Weirdness & Mutations

You are immune to sickness and miasma.
Your stone body is resilient. (AC +8)
You are immune to poison.
You resist negative energy. (rN+)
You are resistant to electric shocks. (rElec)
You are resistant to unholy torment.
You are immune to petrification.
You have hidden genetic defects.
[Armour fits poorly on your strangely shaped body.]
[You are very dopey. (Int -4)]
[You are very weak. (Str -4)]


Message History

The wretched star is moderately damaged.
You hit the wretched star.
The wretched star is moderately damaged.
The wretched star glows turbulently.
The lance of force hits you!
You hit the wretched star but do no damage.
The wretched star is moderately damaged.
You hit the wretched star but do no damage.
The wretched star is moderately damaged.
You closely miss the wretched star.
The wretched star is moderately damaged.
The wretched star glows turbulently.
The lance of force hits you!!
You thump the wretched star!
The wretched star is heavily damaged.
The wretched star glows turbulently.
The lance of force hits you!
* * * LOW HITPOINT WARNING * * *
You sock the wretched star!
The wretched star is severely damaged.
The wizard gestures wildly while chanting.
The wizard flickers and vanishes!
Deactivating autopickup; reactivate with Ctrl-A.
You barely miss the wretched star.
The wretched star is severely damaged.
The wretched star glows turbulently.
The lance of force hits you!
* * * LOW HITPOINT WARNING * * *
You hit the wretched star but do no damage.
The wretched star is severely damaged.
The wretched star pulses with an eldritch light!
You feel stupid. x2
You sock the wretched star!
The wretched star is almost destroyed.
You are confused.
You feel invigorated.
You feel like a meek peon again.
The wretched star glows turbulently.
The lance of force hits you!!
You die...

#####..########..#####
#....................#
#....................#
##########.......##...)..©....###
....>...........####....###......
.............####..##..##g#......
.#########..##.©..:.#..##9#).[###
.# #..#.##^..##..##x##))# .#
#..##.#@###...##..#..# .#
##...##*##....##.#.#..# .#
#....##{∩##.### . ##..#
.########...##..#.### #.###...##
>...........#©.###p..##?#©.....##
............##.# #.#..#.##.......
########.....##...#..$9..##...#.#
#.#....# ## ####.33##..#.#
#.#...###. ##..# Wx.#....#


You could see a wretched star.

Vanquished Creatures
  A two-headed ogre (D:10)
  The ghost of xian the Protected, a novice AtBe of Trog (D:10)
  2 orc knights (Bailey)
  Joseph (D:7)
  A komodo dragon (D:10)
  3 trolls
  Grinder (D:5)
  Prince Ribbit (D:7)
  Sigmund (D:5)
  A wraith (D:10)
  2 wyverns
  13 yaks
  A neqoxec (D:10)
  Grum (D:10)
  2 steam dragons
  Menkaure (D:4)
  3 water moccasins
  Pargi (D:3)
  4 orc warriors
  2 sky beasts
  A hornet zombie (D:8)
  5 black bears
  3 ogres
  3 wolves (D:10)
  2 centaurs
  2 phantoms (D:5)
  10 kobold brigands
  3 bullfrogs
  Blork the orc (D:5)
  4 necrophages
  2 wyvern zombies (D:8)
  5 scorpions
  9 wights
  6 howler monkeys
  A centaur zombie (D:8)
  A jelly (D:6)
  2 orc priests (D:10)
  3 hounds
  Terence (D:2)
  4 iguanas
  6 orc wizards
  A killer bee zombie (D:8)
  2 howler monkey zombies (D:8)
  4 gnolls
  9 adders
  A shadow imp (D:7)
  2 white imps
  2 ufetubi
  A worm (D:3)
  2 dart slugs
  16 orcs
  6 endoplasms
  4 giant cockroaches
  12 goblins
  5 hobgoblins
  8 jackals (D:3)
  24 kobolds
  2 quokkas (D:4)
  6 ball pythons
  4 bats
  2 frilled lizards
  6 rats
236 creatures vanquished.

Vanquished Creatures (others)
  56 fungi (D:10)
  49 plants
  A withered plant (D:8)
106 creatures vanquished.

Grand Total: 342 creatures vanquished

Notes
Turn   | Place    | Note
-------+----------+-------------------------------------------
     0 | D:1      | Dittersdorf the Gargoyle Fighter began the quest for the
                  | Orb.
     0 | D:1      | Reached XP level 1. HP: 14/14 MP: 1/1
    89 | D:1      | Reached XP level 2. HP: 19/19 MP: 2/2
   318 | D:1      | Reached XP level 3. HP: 24/24 MP: 3/3
   960 | D:2      | Noticed Terence
   985 | D:2      | Killed Terence
   986 | D:2      | Reached XP level 4. HP: 17/29 MP: 4/4
  1485 | D:2      | Reached XP level 5. HP: 33/33 MP: 5/5
  1771 | D:3      | Noticed Pargi
  1787 | D:3      | Killed Pargi
  1793 | D:3      | Reached XP level 6. HP: 31/39 MP: 6/6
  2007 | D:3      | Found a glowing golden altar of the Shining One.
  2181 | D:3      | Identified the +0 leather armour of the Okapi {Harm
                  | *Corrode rPois Slay+4}
  2459 | D:4      | Noticed Menkaure
  2467 | D:4      | Killed Menkaure
  2468 | D:4      | Reached skill level 5 in Fighting
  2468 | D:4      | Reached skill level 5 in Armour
  2468 | D:4      | Reached skill level 5 in Shields
  2468 | D:4      | Reached XP level 7. HP: 14/44 MP: 7/7
  2692 | D:5      | Entered Level 5 of the Dungeon
  2763 | D:5      | Found Nydwim's Antique Armour Shoppe.
  2860 | D:5      | Noticed Sigmund
  2887 | D:5      | Killed Sigmund
  2979 | D:5      | Reached XP level 8. HP: 49/51 MP: 8/8
  3115 | D:5      | Noticed Grinder
  3125 | D:5      | Killed Grinder
  3126 | D:5      | Reached skill level 5 in Maces & Flails
  3747 | D:6      | Reached XP level 9. HP: 56/56 MP: 9/9
  3970 | D:6      | Noticed Blork the orc
  4063 | D:5      | Killed Blork the orc
  4417 | D:6      | Found Qoemakh's Jewellery Shoppe.
  4968 | D:7      | Found a burning altar of Makhleb.
  4971 | D:7      | Found an iron altar of Okawaru.
  4975 | D:7      | Became a worshipper of Warmaster Okawaru
  4980 | D:7      | Found a shimmering altar of Xom.
  5065 | D:7      | Found a shadowy altar of Dithmenos.
  5324 | D:7      | Found a broken altar of Ashenzari.
  5374 | D:7      | Noticed Joseph
  5387 | D:7      | Killed Joseph
  5387 | D:7      | Reached * piety under Okawaru
  5388 | D:7      | Reached XP level 10. HP: 18/65 MP: 10/10
  5541 | D:7      | Noticed Prince Ribbit
  5547 | D:7      | Killed Prince Ribbit
  5569 | D:7      | Found a staircase to the Ecumenical Temple.
  6308 | D:8      | Found a white marble altar of Elyvilon.
  6328 | D:8      | Reached ** piety under Okawaru
  7022 | D:9      | Found a flagged portal.
  7029 | Bailey   | Entered a bailey
  7132 | Bailey   | Noticed an orc knight
  7151 | Bailey   | Killed an orc knight
  7284 | Bailey   | Noticed an orc knight
  7306 | Bailey   | Killed an orc knight
  7340 | Bailey   | Found a burning altar of Makhleb.
  7347 | Bailey   | Identified the +2 flail "Viwaj" {drain, rCorr Str+3 Int+3}
  7355 | Bailey   | Identified the +4 chain mail "Vichofub" {Str+5}
  7522 | D:9      | Reached XP level 11. HP: 67/71 MP: 11/11
  7530 | D:9      | Reached *** piety under Okawaru
  7853 | D:10     | Entered Level 10 of the Dungeon
  7880 | D:10     | Reached skill level 10 in Armour
  7880 | D:10     | Reached skill level 10 in Shields
  7884 | D:10     | Reached skill level 10 in Fighting
  7990 | D:10     | Reached **** piety under Okawaru
  8035 | D:10     | Noticed Grum
  8048 | D:10     | Killed Grum
  8083 | D:10     | Found a staircase to the Lair.
  8214 | D:10     | Found a staircase to the Orcish Mines.
  8305 | D:10     | Found a transporter.
  8309 | D:10     | Found a one-way gate to the infinite horrors of the Abyss.
  8309 | D:10     | Noticed xian's ghost (novice AtBe)
  8380 | D:10     | Noticed a two-headed ogre
  8389 | D:10     | Killed a two-headed ogre
  8409 | D:10     | Found a transporter.
  8416 | D:10     | Noticed a wizard
  8416 | D:10     | Noticed a wretched star
  8790 | D:10     | Gained mutation: You have hidden genetic defects. [a
                  | neqoxec]
  8829 | D:10     | Killed xian's ghost
  8846 | D:10     | Killed from afar by a wretched star

Illustrated notes

Levels and vault maps discovered:
D:1:      ncdulo_smallfort, layout_loops_ring, serial_bayou_pond_d
D:2:      layout_loops_ring, uniq_terence
D:3:      layout_basic, tso_metal_star, hex_medium, minmay_misc_feat_cross,
          uniq_pargi
D:4:      layout_rooms, uniq_menkaure
D:5:      layout_loops_cross, serial_shops, shop_statue, lemuel_flame_loot_1,
          uniq_sigmund, uniq_grinder
D:6:      layout_basic, serial_shops, nicolae_shop_behind_doors,
          uniq_blork_the_orc
D:7:      layout_layer_cave, grunt_temple_overflow_diamond,
          mainiacjoe_overflow_catwalk_spiral, minmay_temple_entry_glassed_door,
          uniq_prince_ribbit1, uniq_joseph
D:8:      layout_gridville, mainiacjoe_overflow_cross_hatched, serial_undead,
          serial_undead_e, serial_undead_b, serial_undead_d, serial_undead_f
D:9:      layout_roguey, enter_bailey_3
D:10:     layout_long_grid, due_lair_maze_entry_diamond, orc_0_dummy,
          gammafunk_ghost_abyssal_escape, uniq_grum

Skill      XL: |  1  2  3  4  5  6  7  8  9 10 11 |
---------------+----------------------------------+-----
Shields        | 4 5 6 8 9 10 | 10.8
Fighting       | 4 5 6 8 9 10 | 10.8
Armour         | 4 5 6 8 9 10 | 10.8
Maces & Flails | 3 4 5 7 8 9 |  9.6

Action                     |  1- 3 |  4- 6 |  7- 9 | 10-12 || total
---------------------------+-------+-------+-------+-------++-------
  Melee: Flail             |   131 |   167 |   211 |   278 ||   787
         Morningstar       |       |       |   103 |   171 ||   274
  Throw: Dart              |       |       |     1 |     1 ||     2
 Invoke: Heroism           |       |       |       |     5 ||     5
    Use: Scroll            |       |     4 |     9 |     7 ||    20
         Potion            |       |       |       |     1 ||     1
 Armour: Scale mail        |    84 |   108 |   159 |   133 ||   484
         Chain mail        |       |       |       |   190 ||   190
  Dodge: Dodged            |    76 |   132 |   132 |   184 ||   524
  Block: Buckler           |    32 |    56 |    66 |   150 ||   304

Table legend: (Time is in decaauts)
 A = Elapsed time spent in this place.
 B = Non-inter-level travel time spent in this place.
 C = Inter-level travel time spent in this place.
 D = Time resting spent in this place.
 E = Time spent auto-exploring this place.
 F = Levels seen in this place.
 G = Mean time per level.
                   A        B        C        D        E       F      G
               +--------+--------+--------+--------+--------+-----+--------+
         Total |   9023 |   8159 |    864 |    217 |   5631 |  11 |  820.3 |
       Dungeon |   8656 |   7792 |    864 |    134 |   5631 |  10 |  865.6 |
        Bailey |    367 |    367 |      0 |     83 |      0 |   1 |  367.0 |
               +--------+--------+--------+--------+--------+-----+--------+

Top non-repeatable levels by time:
     D:7: 1283 daAuts
     D:6: 1272 daAuts
    D:10: 967 daAuts
     D:2: 938 daAuts
     D:5: 865 daAuts
     D:1: 840 daAuts
     D:3: 742 daAuts
     D:8: 706 daAuts
     D:9: 589 daAuts
     D:4: 449 daAuts
  Bailey: 367 daAuts
